AoeStats
← 宫水三叶

Hill Fort

505487595Analyzed
4v4 RM · 24d ago on Sep 9, 2026· 45m 7s· 8 players
Game mode
Random Map
Map size
Large (8 player)
Population
200
Speed
Normal
Resources
Standard
Victory
Conquest
Starting age
Dark Age
Ending age
Imperial Age
RankedLock teamsTeams togetherTeam positionsShared explorationLock speedFull tech treeHidden civsTurbo modeCheats
Victory
Defeat
🇨🇳 Japanese · China
1017
+13
🇹🇷 Huns · Türkiye
976
+15
🇫🇮 Italians · Finland
942
+16
🇨🇳 Armenians · China
724
+25
🇨🇿 Britons · Czechia
993
-19
🇦🇷 Spanish · Argentina
950
-18
🇨🇴 Portuguese · Colombia
929
-17
🇺🇸 Bohemians · United States
880
-15
Rölli
2:29 Loom
9:59 Feudal Age
10:23 Horse Collar
10:31 Double-Bit Axe
25:34 Castle Age
24:20 Scale Mail Armor
24:21 Padded Archer Armor
24:31 Forging
24:12 Fletching
27:26 Squires
26:47 Pikeman
28:20 Leather Archer Armor
28:01 Bodkin Arrow
28:24 Elite Skirmisher
30:46 Bow Saw
30:41 Heavy Plow
30:37 Town Watch
32:29 Fortified Wall
32:40 Ballistics
33:29 Wheelbarrow
33:15 Gold Mining
35:05 Hand Cart
39:19 Imperial Age
37:10 Thumb Ring
38:11 Chain Mail Armor
38:32 Iron Casting
39:09 Man-at-Arms
40:38 Conscription
41:48 Chemistry
40:53 Bracer
41:24 Ring Archer Armor
41:25 Plate Mail Armor
42:42 Blast Furnace
44:15 Caravan
StefaN1337
11:07 Feudal Age
13:38 Double-Bit Axe
15:54 Castle Age
14:53 Horse Collar
17:27 Bow Saw
17:19 Heavy Plow
19:37 Loom
20:34 Stone Mining
20:43 Gold Mining
21:16 Town Watch
23:04 Wheelbarrow
24:14 Hand Cart
25:27 Town Patrol
27:12 Gold Shaft Mining
28:14 Fletching
28:25 Padded Archer Armor
28:27 Scale Mail Armor
28:37 Forging
27:50 Man-at-Arms
28:16 Gambesons
28:31 Squires
28:17 Arson
32:21 Imperial Age
30:28 Bodkin Arrow
30:48 Leather Archer Armor
30:48 Chain Mail Armor
30:00 Long Swordsman
32:18 Iron Casting
32:08 Ballistics
31:59 Two-Handed Swordsman
33:29 Conscription
32:30 Elite Composite Bowman
33:18 Fereters
35:22 Chemistry
34:49 Bracer
35:20 Ring Archer Armor
35:21 Plate Mail Armor
35:51 Blast Furnace
36:19 Murder Holes
35:51 Champion
37:37 Blast Furnace
36:56 Masonry
ertk
0:31 Loom
10:36 Feudal Age
16:38 Castle Age
15:19 Double-Bit Axe
15:24 Horse Collar
18:44 Wheelbarrow
19:34 Bow Saw
25:13 Fishing Lines
26:38 Gold Mining
28:44 Gillnets
30:16 Husbandry
30:28 Bloodlines
31:41 Thumb Ring
34:16 Imperial Age
32:39 Padded Archer Armor
32:30 Fletching
33:16 Marauders
34:19 Elite Tarkan
34:38 Pikeman
35:19 Squires
38:27 Hand Cart
37:57 Town Watch
38:45 Scale Barding Armor
38:41 Scale Mail Armor
38:52 Forging
40:10 Halberdier
42:06 Chain Barding Armor
42:22 Iron Casting
42:02 Chain Mail Armor
42:43 Caravan
宫水三叶
11:51 Feudal Age
16:47 Castle Age
15:12 Double-Bit Axe
15:37 Horse Collar
17:38 Bow Saw
17:47 Heavy Plow
22:21 Wheelbarrow
25:42 Hand Cart
25:21 Stone Mining
26:00 Gold Mining
28:16 Gold Shaft Mining
28:08 Man-at-Arms
29:18 Squires
29:03 Gambesons
29:42 Long Swordsman
31:10 Forging
31:00 Scale Mail Armor
33:34 Imperial Age
31:21 Pikeman
33:20 Iron Casting
33:00 Chain Mail Armor
33:37 Halberdier
33:40 Two-Handed Swordsman
35:25 Blast Furnace
35:55 Two-Man Saw
37:32 Champion
39:32 Plate Mail Armor
39:25 Conscription
38:58 Elite Samurai
39:38 Arson
44:23 Chemistry
shabolobodingdong
10:06 Loom
12:59 Feudal Age
19:59 Castle Age
19:52 Double-Bit Axe
24:34 Bow Saw
24:18 Horse Collar
32:35 Imperial Age
33:10 Chemistry
32:53 Wheelbarrow
34:39 Pikeman
35:42 Halberdier
36:26 Squires
36:13 Arson
36:56 Elite Hussite Wagon
39:08 Conscription
Jan_Rui
11:11 Feudal Age
12:40 Feudal Age
15:16 Wheelbarrow
19:18 Castle Age
17:16 Double-Bit Axe
17:20 Horse Collar
19:14 Gold Mining
19:14 Stone Mining
20:33 Loom
26:27 Town Watch
29:21 Imperial Age
31:36 Fletching
33:25 Chemistry
32:06 Treadmill Crane
33:06 Conscription
32:48 Circumnavigation
36:12 Bodkin Arrow
36:18 Padded Archer Armor
36:45 Onager
38:09 Hand Cart
37:56 Town Patrol
37:59 Bracer
38:14 Leather Archer Armor
39:37 Elite Organ Gun
41:04 Ring Archer Armor
41:01 Ballistics
40:52 Masonry
[Weed_arG] Corrix
9:59 Loom
11:49 Feudal Age
12:55 Double-Bit Axe
13:12 Horse Collar
15:52 Fishing Lines
19:00 Wheelbarrow
18:10 Town Watch
23:17 Castle Age
22:30 Scale Barding Armor
22:35 Forging
23:30 Bloodlines
24:08 Husbandry
25:21 Heavy Plow
25:33 Bow Saw
25:28 Gold Mining
25:28 Stone Mining
26:33 Chain Barding Armor
28:17 Town Watch
28:47 Hand Cart
28:51 Masonry
35:48 Imperial Age
35:15 Fletching
35:25 Padded Archer Armor
35:15 Fletching
36:01 Iron Casting
35:50 Ballistics
36:00 Careening
37:30 Cavalier
38:46 Plate Barding Armor
39:11 Blast Furnace
38:46 Plate Barding Armor
38:07 Bodkin Arrow
39:29 Conscription
42:35 Chemistry
43:16 Conscription
jakubpekar
5:44 Loom
12:26 Feudal Age
13:34 Double-Bit Axe
13:34 Horse Collar
20:38 Wheelbarrow
23:19 Castle Age
24:13 Crossbowman
24:47 Fletching
24:58 Padded Archer Armor
25:31 Bodkin Arrow
26:16 Bow Saw
26:17 Pikeman
27:31 Heavy Plow
29:03 Hand Cart
30:57 Gold Mining
30:58 Stone Mining
33:29 Ballistics
35:05 Town Watch
34:51 Elite Skirmisher
41:38 Imperial Age
40:09 Leather Archer Armor
41:44 Arbalester
Connection lost

Rejoining the realm…

Still unreachable

The connection could not be restored.

Session expired

The server has moved on; the page needs a fresh start.